[Event "EYCC Girls-U18 2019"]
[Site "Bratislava"]
[Date "2019.08.07"]
[Round "6.21"]
[White "Kulpa, Zuzanna"]
[Black "Moscicka, Pola"]
[Result "1/2-1/2"]
[ECO "E10"]
[WhiteElo "1802"]
[BlackElo "1870"]
[Annotator "NA"]
[PlyCount "68"]
[EventDate "2019.08.02"]
[EventType "swiss"]
[EventCountry "SVK"]
[SourceTitle "playchess.com"]
[Source "ChessBase"]
[SourceQuality "1"]
[TimeControl "40/5400+30:1800+30"]

1. d4 Nf6 2. c4 e6 3. Nf3 c5 4. d5 b5 5. Bf4 exd5 6. cxd5 d6 7. e4 a6 8. a4 b4 9. Nbd2 Be7 10. Bd3 O-O 11. O-O a5 12. Nc4 Ba6 13. Qc2 g6 14. Rad1 Re8 15. Rfe1 Nh5 16. Bc1 Nd7 17. b3 Nb6 18. Nxb6 Qxb6 19. Nd2 Nf6 20. Nc4 Qc7 21. Bb2 Nd7 22. Qd2 Nb6 23. Rc1 Nxc4 24. Bxc4 Bxc4 25. Rxc4 Bf8 26. f4 Bg7 27. Bxg7 Kxg7 28. e5 Rad8 29. Rce4 Qb6 30. Kh1 Kg8 31. h3 Qa6 32. Kh2 Qb6 33. Kh1 Qa6 34. Kh2 Qb6 1/2-1/2

[Event "EYCC Girls-U18 2019"]
[Site "Bratislava"]
[Date "2019.08.07"]
[Round "6.22"]
[White "Duson, Robin"]
[Black "Tonso, Liina"]
[Result "1-0"]
[ECO "A52"]
[WhiteElo "1936"]
[BlackElo "1711"]
[Annotator "NA"]
[PlyCount "83"]
[EventDate "2019.08.02"]
[EventType "swiss"]
[EventCountry "SVK"]
[SourceTitle "playchess.com"]
[Source "ChessBase"]
[SourceQuality "1"]
[TimeControl "40/5400+30:1800+30"]

1. d4 Nf6 2. c4 e5 3. dxe5 Ng4 4. Bf4 g5 5. Bg3 Nc6 6. Nf3 Bg7 7. h4 Ngxe5 8. Nxe5 Nxe5 9. hxg5 Nxc4 10. Nc3 Nxb2 11. Qc2 Na4 12. Nd5 Bxa1 13. Nxc7+ Kf8 14. Bd6+ Kg7 15. Qxa4 Qxg5 16. e3 Bc3+ 17. Kd1 h5 18. Rh3 h4 19. Bd3 b5 20. Qe4 Rb8 21. Ne8+ Kg8 22. Bxb8 d5 23. Qf4 Qxf4 24. Bxf4 Bxh3 25. gxh3 b4 26. Nc7 Rh5 27. Nb5 d4 28. exd4 Rd5 29. Be3 Ba1 30. Kc2 a6 31. Kb1 axb5 32. Kxa1 f5 33. f4 Kf8 34. Kb2 Ke7 35. Kb3 Kd6 36. Kxb4 Kc6 37. Be2 Kb6 38. Bf3 Rd8 39. d5+ Ka6 40. Kc5 Rc8+ 41. Kd4 b4 42. d6 1-0

[Event "EYCC Girls-U18 2019"]
[Site "Bratislava"]
[Date "2019.08.07"]
[Round "6.23"]
[White "Karatiken, Seray"]
[Black "Swiech, Joanna"]
[Result "0-1"]
[ECO "D31"]
[WhiteElo "1764"]
[BlackElo "2025"]
[Annotator "NA"]
[PlyCount "74"]
[EventDate "2019.08.02"]
[EventType "swiss"]
[EventCountry "SVK"]
[SourceTitle "playchess.com"]
[Source "ChessBase"]
[SourceQuality "1"]
[TimeControl "40/5400+30:1800+30"]

1. d4 d5 2. c4 e6 3. Nc3 Be7 4. cxd5 exd5 5. Nf3 c6 6. Qc2 Nf6 7. Bg5 h6 8. Bh4 O-O 9. e3 Be6 10. Bd3 Nbd7 11. h3 b6 12. O-O-O a5 13. g4 Ne8 14. Bxe7 Qxe7 15. Rdg1 c5 16. g5 h5 17. g6 f6 18. Bf5 Nd6 19. Nh4 Rfc8 20. Bd3 b5 21. Qe2 cxd4 22. exd4 b4 23. Nf5 Nxf5 24. Bxf5 Nf8 25. Re1 Rc6 26. Bxe6+ Qxe6 27. Qxe6+ Nxe6 28. Rxe6 Rxe6 29. Nxd5 Rd6 30. Ne7+ Kf8 31. Nf5 Rd5 32. Ng3 Rxd4 33. Kc2 a4 34. Re1 Rc8+ 35. Kb1 Rf4 36. Re2 h4 37. Nf1 Rf3 0-1

[Event "EYCC Girls-U18 2019"]
[Site "Bratislava"]
[Date "2019.08.07"]
[Round "6.24"]
[White "Ucekajova, Veronika"]
[Black "Sankova, Stella"]
[Result "1-0"]
[ECO "B06"]
[WhiteElo "1836"]
[BlackElo "1997"]
[Annotator "NA"]
[PlyCount "61"]
[EventDate "2019.08.02"]
[EventType "swiss"]
[EventCountry "SVK"]
[SourceTitle "playchess.com"]
[Source "ChessBase"]
[SourceQuality "1"]
[TimeControl "40/5400+30:1800+30"]

1. e4 g6 2. d4 Bg7 3. Nf3 d6 4. Nc3 c6 5. a4 Nf6 6. a5 O-O 7. Be2 Qc7 8. O-O e5 9. dxe5 dxe5 10. Bc4 Nbd7 11. h3 Nc5 12. Qe2 Be6 13. Ng5 Rfe8 14. Be3 Bxc4 15. Qxc4 Na6 16. Rfd1 Nh5 17. Rd2 h6 18. Nf3 Re7 19. b4 Nf4 20. Rad1 Ne6 21. Qb3 Kh7 22. Na4 Qc8 23. c4 Qe8 24. b5 cxb5 25. cxb5 Nac7 26. b6 axb6 27. Bxb6 Nb5 28. Nc3 Nbd4 29. Nxd4 Nxd4 30. Qa3 Nb5 31. Nxb5 1-0